ESL (28 & UNDER)
INTERCOURSE AMISH @ RIO GRANDE RATTLESNAKE
04/05/2029
 
TOP OF THE 1ST
Intercourse Amish batting - Pitching for Rio Grande Rattlesnake : RHP Brendan Green
Pitching: RHP Brendan Green
Batting: RHB Joe Zapata 0-0: Ball
1-0: Called Strike
1-1: Foul Ball, location: 2F
1-2: DOUBLE (Line Drive, 89D)
Batting: LHB Tony O'Bryan 0-0: Ball
1-0: Ball
2-0: Foul Ball, location: 2F
2-1: Foul Ball, location: 2F
2-2: Ball
3-2: Foul Ball, location: 2F
3-2: Ground out 5-3 (Groundball, 56)
Batting: SHB Ralph Robison 0-0: SINGLE (Groundball, 34D)
Joe Zapata to third
Runner from 3rd tries for Home, SAFE, throw made home
Batting: LHB Dave Reynolds 0-0: Ball
1-0: Ball
2-0: Ball
3-0: Called Strike
3-1: Foul Ball, location: 2F
3-2: Base on Balls
Ralph Robison to second
Batting: RHB Frank Maxwell 0-0: Foul Ball, location: 2F
0-1: Grounds into double play, 4-6-3 (Groundball, 4)
Top of the 1st over - 1 run, 2 hits, 0 errors, 1 left on base; Intercourse 1 - Rio Grande 0
BOTTOM OF THE 1ST
Rio Grande Rattlesnake batting - Pitching for Intercourse Amish : RHP Sergio Hernández
Pitching: RHP Sergio Hernández
Batting: RHB Jaime Delgado 0-0: Foul Ball, location: 2F
0-1: Ball
1-1: Ball
2-1: Foul Ball, location: 2F
2-2: SOLO HOME RUN (Flyball, 7LD), Distance : 324 ft
Batting: RHB Joe Courtier 0-0: Ball
1-0: SINGLE (Flyball, 78S)
Batting: SHB Carlos Reyes 0-0: Ball
1-0: Called Strike
1-1: Ball
2-1: Ball
3-1: Swinging Strike
3-2: Strikes out swinging
Batting: LHB Claudio Rodríguez 0-0: Ball
1-0: Foul Ball, location: 2F
1-1: Called Strike
1-2: Foul Ball, location: 2F
1-2: Ball
2-2: Hit by Pitch
Joe Courtier to second
Batting: SHB Luis López 0-0: Called Strike
0-1: Ball
1-1: Swinging Strike
1-2: Ball
2-2: Ball
3-2: Base on Balls
Joe Courtier to third
Claudio Rodríguez to second
Batting: LHB Pedro Díaz 0-0: SINGLE (Groundball, 4D)
Joe Courtier scores
Claudio Rodríguez to third
Luis López to second
Batting: SHB William Daly 0-0: Called Strike
0-1: Ball
1-1: Ball
2-1: Foul Ball, location: 2F
2-2: SINGLE (Groundball, 6D)
Claudio Rodríguez scores
Luis López to third
Pedro Díaz to second
Batting: RHB David Suarze 0-0: Swinging Strike
0-1: Called Strike
0-2: Ball
1-2: Ball
2-2: Ball
3-2: Grounds into double play, 4-6-3 (Groundball, 4M)
Bottom of the 1st over - 3 runs, 4 hits, 0 errors, 2 left on base; Intercourse 1 - Rio Grande 3
TOP OF THE 2ND
Intercourse Amish batting - Pitching for Rio Grande Rattlesnake : RHP Brendan Green
Batting: SHB Conan Hanson 0-0: Called Strike
0-1: Ball
1-1: Ball
2-1: Ball
3-1: Base on Balls
Batting: RHB Pablo Díaz 0-0: Foul Ball, location: 2F
0-1: Grounds into double play, 6-4-3 (Groundball, 6)
Batting: LHB Carlos De La Rosa 0-0: Ground out 4-3 (Groundball, 4)
Top of the 2nd over - 0 runs, 0 hits, 0 errors, 0 left on base; Intercourse 1 - Rio Grande 3
BOTTOM OF THE 2ND
Rio Grande Rattlesnake batting - Pitching for Intercourse Amish : RHP Sergio Hernández
Batting: SHB Jeremy Holmes 0-0: Called Strike
0-1: Swinging Strike
0-2: Ball
1-2: Ground out U3 (Groundball, 34)
Batting: RHB Jaime Delgado 0-0: Called Strike
0-1: SINGLE (Line Drive, 8RS)
Batting: RHB Joe Courtier 0-0: Ball
1-0: Ball
Jaime Delgado steals 2nd base
2-0: Ball
3-0: Called Strike
3-1: Swinging Strike
3-2: Foul Ball, location: 2F
3-2: DOUBLE (Line Drive, 89XD)
Jaime Delgado scores
Batting: SHB Carlos Reyes 0-0: DOUBLE (Line Drive, 7D)
Joe Courtier scores
Batting: LHB Claudio Rodríguez 0-0: Ball
1-0: 2-RUN HOME RUN (Flyball, 9LD), Distance : 336 ft
Batting: SHB Luis López 0-0: Swinging Strike
0-1: Ball
1-1: Called Strike
1-2: Ball
2-2: Strikes out swinging
Batting: LHB Pedro Díaz 0-0: Ball
1-0: Foul Ball, location: 2F
1-1: Ball
2-1: Ball
3-1: Ground out 6-3 (Groundball, 6)
Bottom of the 2nd over - 4 runs, 4 hits, 0 errors, 0 left on base; Intercourse 1 - Rio Grande 7
TOP OF THE 3RD
Intercourse Amish batting - Pitching for Rio Grande Rattlesnake : RHP Brendan Green
Batting: RHB John Jones 0-0: Called Strike
0-1: Called Strike
0-2: Foul Ball, location: 2F
0-2: Ball
1-2: Hit by Pitch
Batting: RHB Joe Zapata 0-0: Ball
1-0: Ball
2-0: Foul Ball, location: 2F
2-1: Ball
3-1: Called Strike
3-2: Base on Balls
John Jones to second
Batting: LHB Tony O'Bryan 0-0: Foul Ball, location: 2F
0-1: Ball
1-1: Ball
2-1: Grounds into double play, 4-6-3 (Groundball, 4)
John Jones to third
Batting: SHB Ralph Robison 0-0: Ball
1-0: Ball
2-0: Ball
3-0: Called Strike
3-1: Called Strike
3-2: Ground out 1-3 (Groundball, 13S)
Top of the 3rd over - 0 runs, 0 hits, 0 errors, 1 left on base; Intercourse 1 - Rio Grande 7
BOTTOM OF THE 3RD
Rio Grande Rattlesnake batting - Pitching for Intercourse Amish : RHP Sergio Hernández
Batting: SHB William Daly 0-0: Ball
1-0: Called Strike
1-1: Ball
2-1: Foul Ball, location: 2F
2-2: Ball
3-2: Foul Ball, location: 2F
3-2: Fly out, F9 (Flyball, 9)
Batting: RHB David Suarze 0-0: Ball
1-0: Ball
2-0: Ball
3-0: Foul Ball, location: 2F
3-1: Called Strike
3-2: Foul Ball, location: 2F
3-2: Base on Balls
Batting: SHB Jeremy Holmes 0-0: Ball
1-0: Ball
2-0: Called Strike
2-1: Ball
3-1: Called Strike
3-2: 2-RUN HOME RUN (Flyball, 9LD), Distance : 324 ft
Batting: RHB Jaime Delgado 0-0: Called Strike
0-1: Foul Ball, location: 2F
0-2: Foul Ball, location: 2F
0-2: Strikes out looking
Batting: RHB Joe Courtier 0-0: Ball
1-0: Called Strike
1-1: Ground out 6-3 (Groundball, 6)
Bottom of the 3rd over - 2 runs, 1 hit, 0 errors, 0 left on base; Intercourse 1 - Rio Grande 9
TOP OF THE 4TH
Intercourse Amish batting - Pitching for Rio Grande Rattlesnake : RHP Brendan Green
Batting: LHB Dave Reynolds 0-0: Ball
1-0: Ball
2-0: Ball
3-0: Base on Balls
Batting: RHB Frank Maxwell 0-0: Called Strike
0-1: Ball
1-1: Swinging Strike
1-2: Ball
2-2: Foul Ball, location: 2F
2-2: Ball
3-2: SINGLE (Groundball, 4D)
Dave Reynolds to second
Dave Reynolds to third
Batting: SHB Conan Hanson 0-0: Swinging Strike
0-1: Swinging Strike
0-2: Strikes out looking
Batting: RHB Pablo Díaz 0-0: Called Strike
0-1: Foul Ball, location: 2F
0-2: Ground out 5-3 (Groundball, 5S)
Dave Reynolds scores
Frank Maxwell to second
Batting: LHB Carlos De La Rosa 0-0: Ball
1-0: Foul Ball, location: 2F
1-1: Ball
2-1: Ball
3-1: Foul Ball, location: 2F
3-2: SINGLE (Groundball, 5L) (infield hit)
Frank Maxwell to third
Batting: RHB John Jones 0-0: Ball
1-0: Ball
2-0: Ball
3-0: Called Strike
3-1: Foul Ball, location: 2F
3-2: Base on Balls
Carlos De La Rosa to second
Batting: RHB Joe Zapata 0-0: Ball
1-0: Swinging Strike
1-1: Swinging Strike
1-2: Ball
2-2: Fly out, F3 (Popup, 3F)
Top of the 4th over - 1 run, 2 hits, 0 errors, 3 left on base; Intercourse 2 - Rio Grande 9
BOTTOM OF THE 4TH
Rio Grande Rattlesnake batting - Pitching for Intercourse Amish : RHP Sergio Hernández
Batting: SHB Carlos Reyes 0-0: Ball
1-0: SINGLE (Groundball, 4MD)
Batting: LHB Claudio Rodríguez 0-0: Ball
1-0: Ball
2-0: Ball
3-0: Base on Balls
Carlos Reyes to second
Batting: SHB Luis López 0-0: Ball
1-0: Ball
2-0: Fly out, F8 (Flyball, 8LM)
Batting: LHB Pedro Díaz 0-0: Called Strike
0-1: Reached on error, E4 (Groundball, 4)
Carlos Reyes to third
Claudio Rodríguez to second
Batting: SHB William Daly 0-0: Ball
1-0: Called Strike
1-1: Called Strike
1-2: Fielders Choice at 2nd, 6-4 (Groundball, 6)
Carlos Reyes scores
Claudio Rodríguez to third
Batting: RHB David Suarze 0-0: Called Strike
0-1: 3-RUN HOME RUN (Line Drive, 7D), Distance : 371 ft
Batting: SHB Jeremy Holmes 0-0: Ball
1-0: Called Strike
1-1: DOUBLE (Groundball, 3L)
Pitching: RHP Colin Younger
Batting: RHB Jaime Delgado 0-0: Ground out 6-3 (Groundball, 6)
Bottom of the 4th over - 4 runs, 3 hits, 1 error, 1 left on base; Intercourse 2 - Rio Grande 13
TOP OF THE 5TH
Intercourse Amish batting - Pitching for Rio Grande Rattlesnake : RHP Brendan Green
Batting: LHB Tony O'Bryan 0-0: Foul Ball, location: 2F
0-1: Called Strike
0-2: Foul Ball, location: 2F
0-2: Ball
1-2: Ball
2-2: Foul Ball, location: 2F
2-2: Foul Ball, location: 2F
2-2: Ball
3-2: SINGLE (Groundball, 34D)
Batting: SHB Ralph Robison 0-0: Called Strike
0-1: Ball
1-1: Called Strike
1-2: Strikes out swinging
Batting: LHB Dave Reynolds 0-0: Ball
1-0: Foul Ball, location: 2F
1-1: Foul Ball, location: 2F
1-2: Ball
2-2: Foul Ball, location: 2F
2-2: Ball
3-2: SINGLE (Groundball, 56D)
Tony O'Bryan to second
Batting: RHB Frank Maxwell 0-0: Called Strike
0-1: Foul Ball, location: 2F
0-2: Grounds into double play, 5-4-3 (Groundball, 56)
Top of the 5th over - 0 runs, 2 hits, 0 errors, 1 left on base; Intercourse 2 - Rio Grande 13
BOTTOM OF THE 5TH
Rio Grande Rattlesnake batting - Pitching for Intercourse Amish : RHP Colin Younger
Batting: RHB Joe Courtier 0-0: Ball
1-0: Ball
2-0: Swinging Strike
2-1: Foul Ball, location: 2F
2-2: Ball
3-2: Base on Balls
Batting: SHB Carlos Reyes 0-0: Ball
1-0: Fly out, F8 (Flyball, 78M)
Batting: LHB Claudio Rodríguez 0-0: Ball
1-0: Called Strike
1-1: Ball
2-1: Ball
3-1: Grounds into double play, 6-4-3 (Groundball, 6M)
Bottom of the 5th over - 0 runs, 0 hits, 0 errors, 0 left on base; Intercourse 2 - Rio Grande 13
TOP OF THE 6TH
Intercourse Amish batting - Pitching for Rio Grande Rattlesnake : RHP Brendan Green
Batting: SHB Conan Hanson 0-0: DOUBLE (Flyball, 8LXD)
Batting: RHB Pablo Díaz 0-0: Ball
1-0: Ball
2-0: Ball
3-0: Called Strike
3-1: Swinging Strike
3-2: Fly out, F6 (Line Drive, 6)
Batting: LHB Carlos De La Rosa 0-0: Swinging Strike
0-1: Ball
Conan Hanson is caught stealing 3rd base
1-1: Foul Ball, location: 2F
1-2: Ball
2-2: Ball
3-2: Strikes out swinging
Top of the 6th over - 0 runs, 1 hit, 0 errors, 0 left on base; Intercourse 2 - Rio Grande 13
BOTTOM OF THE 6TH
Rio Grande Rattlesnake batting - Pitching for Intercourse Amish : RHP Colin Younger
Batting: SHB Luis López 0-0: Ball
1-0: Ball
2-0: Ball
3-0: Base on Balls
Batting: LHB Pedro Díaz 0-0: Ball
1-0: Called Strike
1-1: Grounds into double play, 4-6-3 (Groundball, 4)
Batting: SHB William Daly 0-0: Ball
1-0: Foul Ball, location: 2F
1-1: Swinging Strike
1-2: Ball
2-2: Ground out 4-3 (Groundball, 4)
Bottom of the 6th over - 0 runs, 0 hits, 0 errors, 0 left on base; Intercourse 2 - Rio Grande 13
TOP OF THE 7TH
Intercourse Amish batting - Pitching for Rio Grande Rattlesnake : RHP Brendan Green
Batting: RHB John Jones 0-0: Foul Ball, location: 2F
0-1: Ball
1-1: Called Strike
1-2: Fly out, F8 (Flyball, 8RD)
Batting: RHB Joe Zapata 0-0: Ball
1-0: Called Strike
1-1: Foul Ball, location: 2F
1-2: Ball
2-2: Strikes out swinging
Batting: LHB Tony O'Bryan 0-0: Ball
1-0: Called Strike
1-1: Ball
2-1: SOLO HOME RUN (Flyball, 9D), Distance : 363 ft
Batting: SHB Ralph Robison 0-0: Called Strike
0-1: Ball
1-1: Ball
2-1: Foul Ball, location: 2F
Error on foul ball, E7
2-2: Ball
3-2: Fly out, F9 (Flyball, 89S)
Top of the 7th over - 1 run, 1 hit, 1 error, 0 left on base; Intercourse 3 - Rio Grande 13
BOTTOM OF THE 7TH
Rio Grande Rattlesnake batting - Pitching for Intercourse Amish : RHP Colin Younger
Batting: RHB David Suarze 0-0: Called Strike
0-1: Ball
1-1: Ball
2-1: Foul Ball, location: 2F
2-2: Ball
3-2: SINGLE (Line Drive, 6MD)
Batting: SHB Jeremy Holmes 0-0: Ball
1-0: Called Strike
David Suarze steals 2nd base
1-1: SINGLE (Groundball, 34D)
David Suarze to third
Batting: RHB Jaime Delgado 0-0: Ball
1-0: Swinging Strike
1-1: SINGLE (Groundball, 56) (infield hit)
David Suarze scores
Jeremy Holmes to second
Batting: RHB Joe Courtier 0-0: Ball
1-0: 3-RUN HOME RUN (Flyball, 7D), Distance : 355 ft
Batting: SHB Carlos Reyes 0-0: DOUBLE (Groundball, 3L)
Batting: LHB Claudio Rodríguez 0-0: Ball
1-0: Ground out U3 (Groundball, 34)
Carlos Reyes to third
Batting: SHB Luis López 0-0: Ball
1-0: Foul Ball, location: 2F
1-1: Ball
2-1: Ball
3-1: Base on Balls
Batting: LHB Pedro Díaz 0-0: Ball
1-0: Ball
2-0: Foul Ball, location: 2F
2-1: Ball
Luis López steals 2nd base
3-1: Reached on error, E4 (Groundball, 4)
Carlos Reyes scores
Luis López scores
Pitching: RHP Jeremiah Moran
Batting: SHB William Daly 0-0: SINGLE (Groundball, 25) (infield hit)
Pedro Díaz to third
Batting: RHB David Suarze 0-0: Ball
1-0: Foul Ball, location: 2F
1-1: Called Strike
1-2: Fly out, F9 (Flyball, 9LS)
Runner from 3rd tags up, SCORES, no throw
Batting: SHB Jeremy Holmes 0-0: Ball
William Daly is caught stealing 2nd base
Bottom of the 7th over - 7 runs, 6 hits, 1 error, 0 left on base; Intercourse 3 - Rio Grande 20
TOP OF THE 8TH
Intercourse Amish batting - Pitching for Rio Grande Rattlesnake : RHP Brendan Green
Pitching: RHP Myron Burgess
Now at 3B: Brian Moyer
Batting: LHB Dave Reynolds 0-0: Ball
1-0: Fly out, F8 (Flyball, 78S)
Batting: RHB Frank Maxwell 0-0: Ball
1-0: Called Strike
1-1: Swinging Strike
1-2: Foul Ball, location: 2F
1-2: Strikes out looking
Batting: SHB Conan Hanson 0-0: Ball
1-0: Ball
2-0: Foul Ball, location: 2F
2-1: Ball
3-1: Swinging Strike
3-2: SINGLE (Line Drive, 5D)
Batting: RHB Pablo Díaz 0-0: Called Strike
0-1: Ball
1-1: Fly out, F3 (Popup, 3L)
Top of the 8th over - 0 runs, 1 hit, 0 errors, 1 left on base; Intercourse 3 - Rio Grande 20
BOTTOM OF THE 8TH
Rio Grande Rattlesnake batting - Pitching for Intercourse Amish : RHP Jeremiah Moran
Batting: SHB Jeremy Holmes 0-0: Swinging Strike
0-1: Fly out, F5 (Popup, 5SF)
Batting: RHB Jaime Delgado 0-0: Ground out 4-3 (Groundball, 4)
Batting: RHB Joe Courtier 0-0: Ball
1-0: Called Strike
1-1: SINGLE (Line Drive, 78S)
Batting: SHB Carlos Reyes 0-0: Called Strike
0-1: SINGLE (Groundball, 56D)
Joe Courtier to second
Batting: LHB Claudio Rodríguez 0-0: Called Strike
0-1: Called Strike
0-2: Ball
1-2: Ball
2-2: Foul Ball, location: 2F
2-2: Ground out 3-1 (Groundball, 34)
Bottom of the 8th over - 0 runs, 2 hits, 0 errors, 2 left on base; Intercourse 3 - Rio Grande 20
TOP OF THE 9TH
Intercourse Amish batting - Pitching for Rio Grande Rattlesnake : RHP Myron Burgess
Now at C: Cristián Román
Batting: LHB Carlos De La Rosa 0-0: SINGLE (Flyball, 9LS)
Batting: RHB John Jones 0-0: Ball
1-0: Fly out, F8 (Flyball, 8LXD)
Batting: RHB Joe Zapata 0-0: Called Strike
0-1: Ball
1-1: Called Strike
1-2: Strikes out swinging
Batting: LHB Tony O'Bryan 0-0: SINGLE (Groundball, 34S) (infield hit)
Carlos De La Rosa to second
Batting: SHB Ralph Robison 0-0: Ball
1-0: Swinging Strike
1-1: Ball
Passed Ball!
Carlos De La Rosa to third
Tony O'Bryan to second
2-1: Swinging Strike
2-2: Foul Ball, location: 2F
2-2: Ball
3-2: Foul Ball, location: 2F
3-2: Foul Ball, location: 2F
3-2: Base on Balls
Batting: LHB Dave Reynolds 0-0: Called Strike
0-1: Ball
1-1: Foul Ball, location: 2F
1-2: Strikes out swinging
Top of the 9th over - 0 runs, 2 hits, 0 errors, 3 left on base; Intercourse 3 - Rio Grande 20
Saturday, December 16th, 2017 - OOTP Baseball 18.8 Build 76